 Dungeon Crawl Stone Soup version 0.25-a0-565-g8875c97ebb (webtiles) character file.

Game seed: 5080051062740039653, levelgen mode: deterministic

73792 Flugslaktarn the Severer (level 15, -9/140 HPs)
             Began as a Deep Dwarf Fighter on Feb 26, 2020.
             Was the Champion of Makhleb.
             Killed from afar by a naga mage (15 damage)
             ... with a bolt of poison
             ... on level 2 of the Snake Pit.
             The game lasted 00:11:53 (14672 turns).

Flugslaktarn the Severer (Deep Dwarf Fighter)      Turns: 14672, Time: 00:11:53

Health: -9/140     AC: 36    Str: 30    XL:     15   Next: 5%
Magic:  17/17      EV:  8    Int: 16    God:    Makhleb [******]
Gold:   790        SH: 20    Dex:  9    Spells: 14/14 levels left

rFire    . . .     SeeInvis .   f - +1 hand axe (elec)
rCold    . . .     Gourm    .   I - +0 tower shield
rNeg     + . .     Faith    +   Q - +13 plate armour of Arinuhitz {Int+3 Dex-3}
rPois    .         Spirit   .   S - +1 helmet {Int+3}
rElec    .         Reflect  .   (no cloak)
rCorr    .         Harm     .   o - +2 pair of gloves {Str+3}
MR       ++...                  y - +0 pair of boots
Stlth    ..........             L - amulet of faith
HPRegen  0.00/turn              s - +3 ring of evasion
MPRegen  0.15/turn              u - +2 ring of strength

@: lethally poisoned (-9 -> -74), non-regenerating
A: damage resistance, heal wounds, negative energy resistance 1, sense
surroundings 2, no regeneration
a: Heal Wounds, Minor Destruction, Lesser Servant of Makhleb, Major Destruction,
Greater Servant of Makhleb, Renounce Religion


You were on level 2 of the Snake Pit.
You worshipped Makhleb.
Makhleb was exalted by your worship.
You were not hungry.

You visited 4 branches of the dungeon, and saw 22 of its levels.

You collected 1154 gold pieces.
You spent 364 gold pieces at shops.

Inventory:

Hand Weapons
 f - a +1 hand axe of electrocution (weapon)
   (You took it off Blork the orc on level 4 of the Dungeon)
 O - a +1 war axe
   (You took it off a vault guard on level 13 of the Dungeon)
Missiles
 k - a throwing net (quivered)
Armour
 o - a +2 pair of gloves of strength (worn)
   (You found it on level 4 of the Dungeon)
 y - a +0 pair of boots (worn)
   (You found it on level 6 of the Dungeon)
 I - a +0 tower shield (worn)
   (You found it on level 10 of the Dungeon)
 Q - the +13 plate armour of Arinuhitz (worn) {Int+3 Dex-3}
   (You found it on level 4 of the Lair of Beasts)

   It affects your intelligence (+3).
   It affects your dexterity (-3).
   If you remove this armour, your AC will decrease by 29 (36 -> 7).
 S - a +1 helmet of intelligence (worn)
   (You found it on level 2 of the Lair of Beasts)
Jewellery
 i - an uncursed ring of see invisible
   (You found it on level 7 of the Dungeon)
 s - a +3 ring of evasion (left hand)
   (You found it on level 5 of the Dungeon)
 u - a +2 ring of strength (right hand)
   (You found it on level 2 of the Lair of Beasts)
 L - an amulet of faith (around neck)
   (You took it off a centaur on level 10 of the Dungeon)
Wands
 a - a wand of iceblast (19)
   (You found it on level 4 of the Dungeon)
 b - a wand of acid (16)
   (You took it off Ijyb on level 3 of the Dungeon)
 c - a wand of paralysis (10)
   (You found it on level 11 of the Dungeon)
 v - a wand of digging (14)
   (You found it on level 3 of the Dungeon)
 H - a wand of enslavement (19)
   (You took it off an orc on level 9 of the Dungeon)
Scrolls
 g - 3 scrolls of magic mapping
 j - 3 scrolls of immolation
 m - 2 scrolls of enchant armour
 p - a scroll of brand weapon
 r - 2 scrolls of identify
 t - a scroll of teleportation
 w - 3 scrolls of remove curse
 z - 2 scrolls of blinking
 C - 7 scrolls of enchant weapon
 J - a scroll of vulnerability
 K - a scroll of summoning
 M - 2 scrolls of fog
 R - 5 scrolls of fear
Potions
 d - 2 potions of might
 h - a potion of haste
 l - 3 potions of mutation
 n - a potion of resistance
 q - 7 potions of curing
 x - 3 potions of lignification
 A - 4 potions of flight
 D - a potion of cancellation
 F - 4 potions of heal wounds
 G - 6 potions of stabbing
 N - a potion of invisibility
 P - a potion of magic
Comestibles
 e - 38 rations


   Skills:
 + Level 10.7 Fighting
 * Level 16.6 Axes
 + Level 12.5 Armour
 + Level 12.5 Shields
 + Level 13.3 Invocations


You had 14 spell levels left.
You didn't know any spells.
Your spell library was empty.

Dungeon Overview and Level Annotations

Branches:
Dungeon (15/15)            Temple (1/1) D:4            Lair (4/6) D:10
  Swamp (0/4) Lair:3        Snake (2/4) Lair:4          Orc (0/2) D:11
 Vaults (0/5) D:13         Depths (0/5) D:15

Altars:
Ashenzari
Cheibriados
Dithmenos
Elyvilon
Fedhas
Gozag
Hepliaklqana
Kikubaaqudgha
Makhleb
Nemelex Xobeh
Okawaru
Qazlal
Ru
Sif Muna
Trog
Uskayaw
Vehumet
Wu Jian
Xom
Yredelemnul
Zin
The Shining One

Shops:
D:9 ?   D:10 ?

Portals:
Trove: D:14 (give +4 storm dragon scales)

Annotations:
D:5 2 transporters, Flugslaktarn's ghost, amateur DDFi
D:15 Roxanne
Lair:3 exclusion: oklob plant
Snake:2 Aizul


Innate Abilities, Weirdness & Mutations

You are resistant to damage.
You can heal yourself by infusing magical energy.
You resist negative energy. (rN+)
You passively map the area around you.
You do not regenerate.


Message History

Your smoke demon hits Aizul.
* * * LOW HITPOINT WARNING * * *
You feel very sick. Aizul barely misses your smoke demon.
Your smoke demon hits Aizul but does no damage.
Your smoke demon hits Aizul.
Your smoke demon closely misses Aizul.
Aizul coils herself and waves her upper body at you.
The bolt of poison hits your smoke demon.
The bolt of poison hits you.
You are more poisoned.
* * * LOW HITPOINT WARNING * * *
* * * LOW HITPOINT WARNING * * *
You feel very sick.
The naga mage gestures at you while chanting.
The bolt of poison hits Aizul.
The bolt of poison hits your smoke demon!
Your smoke demon is poisoned.
The bolt of poison hits you!!
You are more poisoned.
You die...

* ,* , ,,, * , ,
* * ..* * ** , #
..* * #. #. , *
###.##. *
,.....#. * ### ,
* *
#....######...# ,
*
#......@3SNN.<#,
, 8 , ,*
#......###N......
* * #.##.<[#
...#... , *#...#
...#* . , , ,*
*#...# *####* ,
,,,* *, #...# , *
, *#..## * ,, *
##..,* , #..


You could see Aizul, a naga warrior, a naga mage, a naga and a friendly smoke
demon.

Vanquished Creatures
  Kirke (D:14)
  Agnes (D:15)
  A fire giant (D:15)
  Azrael (D:14)
  An ogre mage (D:15)
  4 vault guards (D:13)
  A hydra (Lair:4)
  4 naga warriors (Snake:1)
  A centaur warrior (D:13)
  3 anacondas (Snake:1)
  Erolcha (D:10)
  6 two-headed ogres
  6 death yaks (Lair:4)
  A salamander mystic (Snake:1)
  A naga ritualist (Snake:1)
  3 unseen horrors
  2 mana vipers (Snake:1)
  3 ugly things
  2 cyclopes (D:14)
  A salamander (Snake:1)
  4 deep elf magi
  A manticore (D:14)
  7 black mambas
  An elephant (Lair:4)
  A naga mage (Snake:1)
  Psyche (D:11)
  4 gargoyles
  A centaur skeleton (D:12)
  5 spiny frogs
  2 kobold demonologists
  6 komodo dragons
  3 rime drakes
  4 yaktaurs
  2 tengu conjurers (D:13)
  A polar bear (shapeshifter) (D:15)
  3 trolls
  A hornet (D:11)
  3 slime creatures (D:14)
  6 dream sheep (Lair:3)
  Grinder (D:6)
  4 blink frogs (Lair:4)
  4 hippogriffs
  2 shadows (D:15)
  36 yaks
  A spriggan (D:7)
  4 hogs
  7 wyverns
  2 fire elementals (D:14)
  2 basilisks
  Grum (D:11)
  5 hungry ghosts
  8 vampire mosquitoes
  A steam dragon (D:10)
  10 nagas
  A soldier ant (D:12)
  2 hell hounds (D:14)
  9 water moccasins
  7 porcupines
  A swamp drake (D:9)
  8 ice beasts
  2 sky beasts
  3 eyes of draining
  12 ogres
  3 phantoms
  A necrophage (D:9)
  14 orc warriors
  9 wolves
  6 centaurs
  15 crocodiles
  2 big kobolds
  Blork the orc (D:4)
  14 bullfrogs
  A wyvern zombie (D:9)
  5 scorpions
  A water moccasin skeleton (D:7)
  4 killer bees (D:13)
  3 wights (D:6)
  An electric eel (Lair:4)
  2 howler monkeys
  7 crimson imps
  A lava snake (D:7)
  3 quasits
  4 bullfrog zombies
  6 hounds
  4 centaur zombies
  3 bullfrog skeletons
  5 orc priests
  7 jellies
  An iron imp (D:9)
  Ijyb (D:3)
  An iguana (D:11)
  27 orc wizards
  9 worker ants
  An ogre zombie (D:5)
  A hound skeleton (D:5)
  A worker ant zombie (D:7)
  13 adders
  4 gnolls (D:8)
  2 gnoll zombies (D:5)
  A howler monkey skeleton (D:9)
  7 shadow imps
  A white imp (D:9)
  An ooze (D:3)
  2 adder skeletons
  2 adder zombies (D:7)
  3 worms
  4 leopard geckos
  93 orcs
  A ball python (D:2)
  8 bats
  4 giant cockroaches
  6 goblins
  5 hobgoblins
  14 jackals
  11 kobolds
  8 quokkas
  3 frilled lizards
  A leopard gecko skeleton (D:4)
  A quokka skeleton (D:4)
  8 rats
  A bush (D:10)
  A fungus (Lair:2)
602 creatures vanquished.

Vanquished Creatures (collateral kills)
  Asterion (Snake:2)
  4 hydras
  A centaur skeleton (D:10)
  An orc warrior (D:10)
7 creatures vanquished.

Vanquished Creatures (others)
  A naga warrior (Snake:2)
  A deep elf mage (D:9)
  6 fungi
  5 plants
13 creatures vanquished.

Grand Total: 622 creatures vanquished

Notes
Turn   | Place    | Note
-------+----------+-------------------------------------------
     0 | D:1      | Flugslaktarn the Deep Dwarf Fighter began the quest for the
                  | Orb.
     0 | D:1      | Reached XP level 1. HP: 20/20 MP: 1/1
    76 | D:2      | Reached XP level 2. HP: 24/27 MP: 2/2
   299 | D:3      | Reached skill level 3 in Axes
   340 | D:4      | Reached XP level 3. HP: 32/33 MP: 2/2
   352 | D:4      | Noticed Blork the orc
   358 | D:4      | Noticed a scorpion
   385 | D:4      | Reached XP level 4. HP: 22/42 MP: 2/2
   396 | D:4      | Killed Blork the orc
   396 | D:4      | Reached skill level 4 in Axes
   407 | D:4      | Reached XP level 5. HP: 30/49 MP: 3/3
   591 | D:4      | Reached XP level 6. HP: 30/56 MP: 3/3
   676 | D:4      | Reached skill level 5 in Axes
   915 | D:4      | Found a staircase to the Ecumenical Temple.
   987 | Temple   | Entered the Ecumenical Temple
  1418 | D:5      | Entered Level 5 of the Dungeon
  1419 | D:5      | Found a transporter.
  1454 | D:5      | Reached XP level 7. HP: 64/64 MP: 4/4
  1465 | D:5      | Reached skill level 5 in Armour
  1465 | D:5      | Reached skill level 5 in Shields
  1872 | D:3      | Noticed Ijyb
  1902 | D:3      | Killed Ijyb
  2180 | D:2      | You fall into a shaft and drop 2 floors!
  2331 | D:2      | Reached skill level 6 in Axes
  2396 | D:2      | Found a sparkling altar of Nemelex Xobeh.
  2516 | D:2      | Found a burning altar of Makhleb.
  2518 | D:2      | Noticed a green death
  2522 | D:2      | Noticed a smoke demon
  2522 | D:2      | Noticed a ynoxinul
  2731 | D:2      | Became a worshipper of Makhleb the Destroyer
  2925 | D:5      | Found a transporter.
  2930 | D:5      | Found a transporter.
  2930 | D:5      | Noticed Flugslaktarn's ghost (amateur DDFi)
  2952 | D:5      | Reached skill level 1 in Invocations
  2960 | D:5      | Found a transporter.
  3259 | D:5      | Reached XP level 8. HP: 46/73 MP: 6/6
  3516 | D:6      | Reached skill level 7 in Axes
  3802 | D:6      | Noticed Grinder
  3810 | D:6      | Killed Grinder
  3841 | D:6      | Reached * piety under Makhleb
  3841 | D:6      | Reached skill level 5 in Fighting
  4063 | D:7      | Reached skill level 8 in Axes
  4087 | D:7      | Gained mutation: You passively map the area around you.
                  | [Deep Dwarf growth]
  4087 | D:7      | Reached XP level 9. HP: 56/81 MP: 5/7
  4189 | D:7      | Reached ** piety under Makhleb
  4411 | D:7      | Found a stormy altar of Qazlal.
  4412 | D:7      | Found a basalt altar of Yredelemnul.
  4700 | D:8      | Reached skill level 5 in Invocations
  4705 | D:8      | Reached skill level 9 in Axes
  5185 | D:8      | Found a glowing silver altar of Zin.
  5189 | D:8      | Reached XP level 10. HP: 91/91 MP: 9/9
  5402 | D:9      | Reached *** piety under Makhleb
  5549 | D:9      | Found Riruaxt's Magic Scroll Emporium.
  5557 | D:9      | Bought a scroll of enchant armour for 105 gold pieces
  5557 | D:9      | Bought a scroll of immolation for 49 gold pieces
  5557 | D:9      | Bought a scroll of enchant weapon for 105 gold pieces
  5557 | D:9      | Bought a scroll of blinking for 105 gold pieces
  5564 | D:9      | Noticed a two-headed ogre
  5579 | D:9      | Killed a two-headed ogre
  5579 | D:9      | Reached skill level 10 in Axes
  5958 | D:9      | Noticed a deep elf mage
  5965 | D:9      | Killed a deep elf mage
  5973 | D:9      | Noticed a deep elf mage
  5983 | D:9      | Killed a deep elf mage
  5987 | D:9      | Reached **** piety under Makhleb
  5987 | D:9      | Reached skill level 11 in Axes
  6042 | D:9      | Found an iron altar of Okawaru.
  6274 | D:10     | Entered Level 10 of the Dungeon
  6407 | D:10     | Reached XP level 11. HP: 90/100 MP: 11/11
  6493 | D:10     | Found a staircase to the Lair.
  6497 | D:10     | Noticed Erolcha
  6523 | D:10     | Killed Erolcha
  6590 | D:10     | You fall into a shaft and drop 1 floor!
  6596 | D:11     | Reached ***** piety under Makhleb
  6639 | D:11     | Noticed a two-headed ogre
  6647 | D:11     | Killed a two-headed ogre
  6717 | D:10     | Noticed a four-headed hydra
  6741 | D:10     | Killed a 14-headed hydra
  6746 | D:10     | Reached skill level 12 in Axes
  6916 | D:10     | Found Worgh's Magic Scroll Shop.
  7399 | D:11     | Noticed Grum
  7408 | D:11     | Killed Grum
  7523 | D:11     | Noticed an unseen horror
  7534 | D:11     | Killed an unseen horror
  7534 | D:11     | Reached XP level 12. HP: 110/110 MP: 14/14
  7700 | D:11     | Found a staircase to the Orcish Mines.
  7723 | D:11     | Noticed Psyche
  7736 | D:11     | Killed Psyche
  7986 | D:12     | Noticed a two-headed ogre
  7998 | D:12     | Killed a two-headed ogre
  8015 | D:12     | Reached skill level 13 in Axes
  8155 | D:12     | Reached skill level 10 in Shields
  8186 | D:12     | Noticed a two-headed ogre
  8198 | D:12     | Killed a two-headed ogre
  8198 | D:12     | Reached skill level 10 in Invocations
  8208 | D:12     | Reached skill level 10 in Armour
  8227 | D:12     | Reached ****** piety under Makhleb
  8685 | D:13     | Noticed a centaur warrior
  8704 | D:13     | Killed a centaur warrior
  8839 | D:13     | Found a gate to the Vaults.
  8839 | D:13     | Noticed a vault guard
  8839 | D:13     | Noticed a two-headed ogre
  8839 | D:13     | Noticed a vault guard
  8839 | D:13     | Noticed a vault guard
  8840 | D:13     | Noticed a vault guard
  8856 | D:13     | Killed a vault guard
  8859 | D:13     | Killed a vault guard
  8869 | D:13     | Killed a two-headed ogre
  8872 | D:13     | Killed a vault guard
  8888 | D:13     | Killed a vault guard
  8888 | D:13     | Reached skill level 14 in Axes
  8888 | D:13     | Reached XP level 13. HP: 119/120 MP: 16/16
  9588 | D:14     | Noticed Kirke
  9672 | D:14     | Killed Kirke
  9882 | D:14     | Found a portal to a secret trove of treasure.
 10024 | D:14     | Noticed Azrael
 10047 | D:14     | Killed Azrael
 10423 | D:15     | Entered Level 15 of the Dungeon
 10482 | D:15     | Reached skill level 15 in Axes
 10701 | D:15     | Noticed Agnes
 10724 | D:15     | Killed Agnes
 10793 | D:15     | Found a staircase to the Depths.
 10794 | D:15     | Noticed a fire giant
 10810 | D:15     | Killed a fire giant
 10827 | D:15     | Noticed Roxanne
 10919 | D:15     | Gained mutation: You resist negative energy. (rN+) [Deep
                  | Dwarf growth]
 10919 | D:15     | Reached XP level 14. HP: 99/130 MP: 18/18
 11177 | Lair:1   | Entered Level 1 of the Lair of Beasts
 11273 | Lair:1   | You fall into a shaft and drop 1 floor!
 11686 | Lair:2   | Reached skill level 10 in Fighting
 12529 | Lair:3   | Found a staircase to the Swamp.
 13326 | Lair:4   | Reached skill level 16 in Axes
 13498 | Lair:4   | Found a staircase to the Snake Pit.
 13542 | Lair:4   | Got a pitted plate armour
 13543 | Lair:4   | Identified the +13 plate armour of Arinuhitz {Int+3 Dex-3}
                  | (You found it on level 4 of the Lair of Beasts)
 14119 | Snake:1  | Entered Level 1 of the Snake Pit
 14611 | Snake:2  | Noticed Asterion
 14620 | Snake:2  | Noticed a balrug
 14633 | Snake:2  | Killed Asterion
 14633 | Snake:2  | Reached XP level 15. HP: 39/140 MP: 17/17
 14653 | Snake:2  | Noticed Aizul
 14672 | Snake:2  | HP: 6/140 [poisoned by Aizul (bolt of poison)]
 14672 | Snake:2  | Killed from afar by a naga mage

Levels and vault maps discovered:
D:1:      minmay_arrival_four_houses, layout_loops_ring, minmay_lizard_pond
D:2:      layout_loops_ring, makhleb_altar_promises_db,
          nemelex_xobeh_ov_fountains_minmay
D:3:      layout_loops_ring, first_ration, uniq_ijyb
D:4:      layout_basic, minmay_temple_entry_nine_rooms, minmay_joined_circles,
          uniq_blork_the_orc
D:5:      gammafunk_cloud_chamber, layout_gridville, gammafunk_ghost_mausoleum
D:6:      layout_basic, grunt_ministairs_10, uniq_grinder
D:7:      layout_basic, gammafunk_temple_overflow_statue, minivault_23,
          the_bakery, nicolae_lava_and_water
D:8:      layout_loops_ring, lemuel_round_altar
D:9:      layout_irregular_city, lemuel_crystal_altar, serial_shops, shop,
          hangedman_minor_magic
D:10:     layout_loops_ring, minmay_lair_entry_grove, serial_shops,
          nicolae_shop_waterfront, special_room [special_room_orc], uniq_erolcha
D:11:     layout_rooms, orc_0_dummy, uniq_grum, uniq_psyche
D:12:     layout_roguey
D:13:     layout_irregular_city, lightli_vaults_fourway_checkpoint
D:14:     layout_loops_ring, minmay_fountain_box, nicolae_trove_entry_columns,
          uniq_kirke, uniq_azrael
D:15:     grunt_enter_depths_giant_problem, layout_cross, minmay_door_square,
          hangedman_abyss_or_decor_stagger, uniq_roxanne, uniq_agnes
Temple:   nicolae_temple_elliptical
Lair:1:   layout_regular_city
Lair:2:   layout_chaotic_city
Lair:3:   layout_misc_corridors, swamp_mist_pool, lemuel_fruit_fields,
          minmay_lair_oklob_chamber, grunt_megastairs_2,
          infiniplex_staircase_pool
Lair:4:   layout_layer_cave, minmay_snake_entry_guardpost_small,
          chequers_serial_rivers_micro_e, beast_lair_carwin_8,
          serial_bayou_shore_a
Snake:1:  layout_cave_pods, drop_trap, nicolae_snake_springs
Snake:2:  layout_misc_corridors, corexii_hall_statues_s, uniq_asterion,
          uniq_aizul

Skill      XL: |  1  2  3  4  5  6  7  8  9 10 11 12 13 14 |
---------------+-------------------------------------------+-----
Axes           | 3 4 5 6 8 9 11 12 14 15 16 | 16.6
Fighting       | 3 4 5 6 7 8 9 10 | 10.7
Armour         | 4 5 6 7 8 9 10 11 12 | 12.5
Shields        | 4 5 6 7 8 9 10 11 12 | 12.5
Invocations    | 1 4 6 7 9 10 12 13 | 13.3

Action                   |  1- 3 |  4- 6 |  7- 9 | 10-12 | 13-15 || total
-------------------------+-------+-------+-------+-------+-------++-------
Melee: War axe           |   102 |    50 |       |       |       ||   152
       Hand axe          |       |    74 |   473 |   868 |  1101 ||  2516
       Unarmed           |       |       |       |       |    16 ||    16
Invok: Lesser Servant of |       |       |       |     1 |    15 ||    16
       Greater Servant o |       |       |       |       |     1 ||     1
 Abil: Heal Wounds       |     4 |     7 |     9 |     3 |    12 ||    35
  Use: Scroll            |       |       |    20 |       |     7 ||    27
       Potion            |       |       |     1 |       |       ||     1
 Stab: Distracted        |       |       |     1 |       |     1 ||     2
  Eat: Chunk             |       |     2 |    13 |    13 |     6 ||    34
       Ration            |       |       |       |     2 |     4 ||     6
Armor: Scale mail        |    22 |       |       |       |       ||    22
       Chain mail        |    60 |    70 |   135 |       |       ||   265
       Plate armour      |       |       |    23 |   318 |   397 ||   738
Dodge: Dodged            |    23 |    29 |   136 |   165 |   161 ||   514
Block: Kite shield       |    85 |    69 |   213 |    80 |       ||   447
       Tower shield      |       |       |       |   527 |   819 ||  1346

Table legend:
 A = Non-vault XP
 B = Vault XP
 C = Vault XP percentage of total XP
 D = Non-vault monster count
 E = Vault monster count
 F = Vault count percentage of total count
                 A         B        C        D         E       F
            +---------+---------+-------+---------+---------+-------
      Total |   74724 |   30694 |  29.1 |     493 |     116 |  19.0
            +---------+---------+-------+---------+---------+-------
        D:1 |      10 |       0 |   0.0 |       5 |       0 |   0.0
        D:2 |     180 |       0 |   0.0 |      21 |       0 |   0.0
        D:3 |      52 |      36 |  40.9 |      23 |       1 |   4.2
        D:4 |     410 |     261 |  38.9 |      30 |       9 |  23.1
        D:5 |     612 |      52 |   7.8 |      16 |       3 |  15.8
        D:6 |     235 |     436 |  65.0 |      13 |       4 |  23.5
        D:7 |    1396 |     215 |  13.3 |      34 |       1 |   2.9
        D:8 |    1652 |       0 |   0.0 |      31 |       0 |   0.0
        D:9 |    3438 |    1394 |  28.8 |      31 |      17 |  35.4
       D:10 |    3499 |    3173 |  47.6 |      34 |      37 |  52.1
       D:11 |    5709 |    1081 |  15.9 |      40 |       6 |  13.0
       D:12 |    5053 |       0 |   0.0 |      35 |       0 |   0.0
       D:13 |    5863 |    6439 |  52.3 |      30 |      14 |  31.8
       D:14 |    9219 |    4559 |  33.1 |      37 |       8 |  17.8
       D:15 |    5797 |    3777 |  39.5 |      17 |       2 |  10.5
     Lair:1 |    1328 |       0 |   0.0 |       6 |       0 |   0.0
     Lair:2 |    5467 |       0 |   0.0 |      19 |       0 |   0.0
     Lair:3 |    4184 |     796 |  16.0 |      22 |       2 |   8.3
     Lair:4 |    6748 |    6345 |  48.5 |      24 |      11 |  31.4
    Snake:1 |   13095 |       0 |   0.0 |      23 |       0 |   0.0
    Snake:2 |     777 |    2130 |  73.3 |       2 |       1 |  33.3
            +---------+---------+-------+---------+---------+-------
